 Dungeon Crawl Stone Soup version 0.19.0-2-gae57169 (webtiles) character file.

1775 emikaela the Fighter (level 9, -8/66 HPs)
             Began as an Octopode Warper on Nov 4, 2016.
             Was a Follower of Sif Muna.
             Killed from afar by Galewind's ghost (12 damage)
             ... with a magic dart
             ... on level 7 of the Dungeon.
             The game lasted 00:28:25 (7636 turns).

emikaela the Fighter (Octopode Warper)              Turns: 7636, Time: 00:28:25

Health: -8/66      AC:  1    Str: 10    XL:     9   Next: 7%
Magic:  13/13      EV: 15    Int: 18    God:    Sif Muna [*.....]
Gold:   295        SH:  0    Dex: 12    Spells: 4 memorised, 3 levels left

rFire  . . .     SeeInvis .     C - +2 morningstar (protect)
rCold  . . .     Gourm    .     (no shield)
rNeg   . . .     Faith    .     (helmet restricted)
rPois  .         Spirit   .     o - amulet of regeneration
rElec  .         Reflect  .     (no ring)
rCorr  .         Harm     .     (no ring)
MR     .....                    (no ring)
Stlth  +++.......               (no ring)
                                (no ring)
                                (no ring)
                                (no ring)
                                (no ring)

@: shrouded (expiring)
A: almost no armour, stealthy swim, amphibious, 8 rings, constrict 8, camouflage
1, gelatinous body 1
a: Divine Energy, Renounce Religion


You were on level 7 of the Dungeon.
You worshipped Sif Muna.
Sif Muna was aware of your devotion.
You were not hungry.

You visited 1 branch of the dungeon, and saw 7 of its levels.

You collected 295 gold pieces.

Inventory:

Hand Weapons
 a - a +0 shortbow of flaming
 b - a +1 dagger of freezing
 u - a +3 dagger
 C - a +2 morningstar of protection (weapon)
 I - a +0 hand axe of draining
Missiles
 d - 5 tomahawks of dispersal
 h - 188 arrows
 l - 27 poisoned needles
 m - 98 stones (quivered)
 v - 21 bolts
 x - a throwing net
 z - 33 sling bullets
Jewellery
 o - an amulet of regeneration (around mantle)
Wands
 F - a wand of paralysis (16/24)
 G - a wand of paralysis (12/24)
Scrolls
 c - a scroll of blinking
 e - 4 scrolls of teleportation
 g - a scroll of recharging
 n - a scroll of enchant armour {unknown}
 q - a scroll of fog {unknown}
 r - 3 scrolls of noise {unknown}
 y - 2 scrolls of magic mapping {unknown}
 A - a scroll of amnesia {unknown}
 D - a scroll of identify
Potions
 i - 2 potions of curing {unknown}
 j - 2 potions of might
 k - a potion of degeneration {unknown}
 t - 2 potions of flight
 w - 2 potions of cure mutation {unknown}
 B - 3 potions of haste {unknown}
Books
 H - a book of Spatial Translocations
Comestibles
 f - 6 bread rations
 p - 2 slices of pizza
 s - a meat ration
 E - a beef jerky


   Skills:
 - Level 8.0 Fighting
   Level 2.0 Long Blades
 - Level 1.0 Throwing
 + Level 5.5 Dodging
 - Level 3.0 Stealth
 - Level 3.0 Spellcasting
 - Level 2.0 Charms
 + Level 5.8 Translocations


You had 3 spell levels left.
You knew the following spells:

 Your Spells              Type           Power        Failure   Level  Hunger
a - Teleport Other        Tloc           ###.....     4%          3    ###....
b - Blink                 Tloc           N/A          1%          2    ##.....
c - Shroud of Golubria    Chrm/Tloc      ###.......   6%          2    ##.....
d - Passage of Golubria   Tloc           N/A          17%         4    ####...


Dungeon Overview and Level Annotations

Branches:
Dungeon (7/15)             Temple (0/1) D:5

Altars:
Ashenzari
Dithmenos
Nemelex Xobeh
Sif Muna
Xom
Yredelemnul
Zin
The Shining One

Shops:
D:5 }

Annotations:
D:2 Sigmund
D:4 Dowan, Duvessa, Edmund
D:7 Galewind's ghost, novice DECj


Innate Abilities, Weirdness & Mutations

You cannot wear most types of armour.
You are very stealthy in the water. (Stealth+)
You are amphibious.
You can wear up to eight rings at the same time.
You can use your tentacles to constrict eight enemies at once.
Your skin changes colour to match your surroundings (Stealth+).
Your rubbery body absorbs attacks. (AC +1, EV +1)


Message History

Galewind's ghost hits you but does no damage. x2
You barely miss Galewind's ghost.
Galewind's ghost is moderately damaged.
Galewind's ghost hits you but does no damage.
You hit Galewind's ghost but do no damage.
Your squeeze misses Galewind's ghost.
Galewind's ghost is lightly damaged.
Your shroud bends Galewind's ghost's attack away.
Galewind's ghost casts a spell at you. The orb of energy hits you!
The orb of energy explodes!
You closely miss Galewind's ghost. Your squeeze misses Galewind's ghost.
Galewind's ghost is lightly damaged.
Your shroud begins to fray at the edges.
Galewind's ghost says, "I was like you once."
Galewind's ghost closely misses you.
You miss Galewind's ghost. Your squeeze misses Galewind's ghost.
Galewind's ghost is lightly damaged.
Galewind's ghost casts a spell at you. The magic dart hits you!
You die...

........#
(.(....$#
...)W...#
........#
####.#.###
###.....#
#.......###
....####...#######
###.>....#....(W@#
######...((....#
##........#
##.......#
##......# #......#
########


You could see Galewind's ghost.

Vanquished Creatures
  2 ice beasts (D:7)
  An orc warrior (D:7)
  2 sky beasts
  2 ogres
  3 centaurs
  A bullfrog (D:6)
  A scorpion (D:6)
  A crimson imp (D:5)
  A quasit (D:4)
  5 hounds
  2 iguanas
  A jelly (D:5)
  5 orc wizards
  A bullfrog skeleton (D:5)
  A centaur skeleton (D:5)
  3 worker ants
  A hound zombie (D:5)
  6 gnolls
  6 adders
  An adder zombie (D:3)
  A worm (D:2)
  3 dart slugs
  2 leopard geckos (D:5)
  10 orcs
  A ball python (D:2)
  2 bats (D:3)
  5 giant cockroaches
  10 goblins
  11 hobgoblins
  9 jackals
  7 kobolds
  3 quokkas
  A ball python skeleton (D:4)
  A frilled lizard (D:2)
  2 jackal skeletons (D:5)
  A jackal zombie (D:6)
  A leopard gecko skeleton (D:7)
  A quokka zombie (D:5)
  7 rats
124 creatures vanquished.

Notes
Turn   | Place    | Note
-------+----------+-------------------------------------------
     0 | D:1      | emikaela the Octopode Warper began the quest for the Orb.
     0 | D:1      | Reached XP level 1. HP: 14/14 MP: 3/3
   394 | D:1      | Reached XP level 2. HP: 20/20 MP: 5/5
   408 | D:1      | Learned a level 2 spell: Shroud of Golubria
   526 | D:1      | Learned a level 2 spell: Blink
   871 | D:1      | Reached XP level 3. HP: 18/25 MP: 3/6
   977 | D:1      | Found a shimmering altar of Xom.
   979 | D:1      | Found a shattered altar of Ashenzari.
   979 | D:1      | Found a stormy altar of Qazlal.
   981 | D:1      | Found a shimmering altar of Xom.
   981 | D:1      | Found an ancient bone altar of Kikubaaqudgha.
   981 | D:1      | Found a glowing silver altar of Zin.
  1572 | D:2      | Reached skill level 3 in Fighting
  1629 | D:2      | Reached XP level 4. HP: 22/31 MP: 5/7
  2207 | D:2      | Noticed Sigmund
  2544 | D:2      | Found a sparkling altar of Nemelex Xobeh.
  2546 | D:2      | Found a basalt altar of Yredelemnul.
  2550 | D:2      | Found a glowing silver altar of Zin.
  2550 | D:2      | Found a deep blue altar of Sif Muna.
  2550 | D:2      | Found a shattered altar of Ashenzari.
  2555 | D:2      | Found a shadowy altar of Dithmenos.
  2560 | D:2      | Became a worshipper of Sif Muna the Loreminder
  2674 | D:3      | Reached skill level 1 in Stealth
  2674 | D:3      | Reached XP level 5. HP: 34/37 MP: 3/8
  2721 | D:3      | Learned a level 3 spell: Teleport Other
  3504 | D:3      | Reached skill level 4 in Fighting
  3623 | D:4      | Noticed Edmund
  3669 | D:4      | Reached XP level 6. HP: 42/43 MP: 7/9
  3699 | D:4      | Noticed Duvessa
  3699 | D:4      | Noticed Dowan
  3730 | D:5      | Entered Level 5 of the Dungeon
  4098 | D:5      | Found a staircase to the Ecumenical Temple.
  4261 | D:5      | Reached skill level 1 in Charms
  4267 | D:5      | Reached XP level 7. HP: 48/49 MP: 10/10
  4289 | D:5      | Found Urchenar's Quality Used Wands.
  4420 | D:5      | Reached skill level 5 in Dodging
  4440 | D:5      | Reached * piety under Sif Muna
  4456 | D:5      | Reached skill level 5 in Fighting
  5150 | D:6      | Reached XP level 8. HP: 57/57 MP: 12/12
  5261 | D:6      | Reached skill level 6 in Fighting
  5921 | D:6      | Reached skill level 7 in Fighting
  6012 | D:6      | Learned a level 4 spell: Passage of Golubria
  6200 | D:7      | Noticed Galewind's ghost (novice DECj)
  6431 | D:7      | Found a glowing golden altar of the Shining One.
  6523 | D:7      | Reached skill level 5 in Translocations
  7063 | D:7      | HP: 4/91 [ice beast (8)]
  7066 | D:7      | Reached skill level 8 in Fighting
  7421 | D:7      | Reached XP level 9. HP: 62/66 MP: 13/13
  7629 | D:7      | HP: 1/66 [Galewind's ghost (8)]
  7636 | D:7      | Killed from afar by Galewind's ghost

Skill      XL: |  1  2  3  4  5  6  7  8 |
---------------+-------------------------+-----
Dodging        | 3 4 5 |  5.5
Fighting       | 3 4 5 8 |  8.0
Stealth        | 1 2 3 |  3.0
Charms         | 1 2 |  2.0
Spellcasting   | 3 |  3.0
Translocations | 4 5 |  5.8
Long Blades    | |  2.0
Throwing       | |  1.0

Action                   |  1- 3 |  4- 6 |  7- 9 || total
-------------------------+-------+-------+-------++-------
Melee: Falchion          |    58 |    47 |       ||   105
       Constrict         |    21 |    32 |    19 ||    72
       Tentacles         |     9 |    30 |    22 ||    61
       Dagger            |       |    77 |    36 ||   113
       Morningstar       |       |    14 |    96 ||   110
 Fire: Shortbow          |       |       |    82 ||    82
Throw: Stone             |       |     3 |    10 ||    13
 Cast: Shroud of Golubri |     9 |    36 |    22 ||    67
  Use: Scroll            |     1 |     4 |     1 ||     6
       Potion            |       |       |     4 ||     4
 Stab: Sleeping          |     6 |     7 |     3 ||    16
  Eat: Chunk             |     3 |    11 |     7 ||    21
       Meat ration       |       |       |     1 ||     1
Armor: Skin              |     3 |    12 |    32 ||    47
Dodge: Dodged            |    35 |    93 |   132 ||   260
       Rpst.: Falchion   |    14 |     8 |       ||    22
